 Dungeon Crawl Stone Soup version 0.29-a0-1016-g236c7fd91e (webtiles) character file.

Game seed: 14125733718007155875

67 kae the Chopper (level 3, -3/31 HPs)
             Began as a Minotaur Fighter on Aug 9, 2022.
             Killed from afar by Sigmund (6 damage)
             ... with a puff of flame
             ... on level 3 of the Dungeon.
             The game lasted 00:01:01 (1922 turns).

kae the Chopper (Minotaur Fighter)                  Turns: 1922, Time: 00:01:02

Health: -3/31      AC:  6    Str: 25    XL:     3   Next: 98%
Magic:  0/2        EV:  9    Int:  9    God:
Gold:   121        SH:  4    Dex:  6    Spells: 2/2 levels left

rFire   x . .      SeeInvis .   a - +0 war axe
rCold   + . .      Faith    .   c - +0 buckler
rNeg    . . .      Spirit   +   b - +0 scale mail
rPois   .          Reflect  .   (helmet restricted)
rElec   .          Harm     .   (no cloak)
rCorr   .          Rampage  .   (no gloves)
Will    +....                   (no boots)
Stlth   ..........              G - amulet of guardian spirit
HPRegen 0.10/turn               n - ring "Boqek" {Ice Will+ Str+3 Int+4 Dex-3}
MPRegen 0.08/turn               (no ring)

@: no status effects
A: horns 2, retaliatory headbutt
a: no special abilities


You were on level 3 of the Dungeon.
You visited 1 branch of the dungeon, and saw 3 of its levels.

You collected 121 gold pieces.


Innate Abilities, Weirdness & Mutations

You have a pair of horns on your head.
You reflexively headbutt those who attack you in melee.


   Skills:
 - Level 3.6 Fighting
 + Level 5.2 Axes
 - Level 3.6 Armour
 - Level 3.6 Shields


You had 2 spell levels left.
You didn't know any spells.
Your spell library contained the following spells:

 Spells                   Type           Power      Damage    Failure   Level
 Frozen Ramparts          Ice            0%         1d1       98%         3
 Ice Form                 Ice/Tmut       0%         N/A       100%        4
 Summon Ice Beast         Ice/Summ       0%         N/A       100%        4

Inventory:

Hand Weapons
 a - a +0 war axe (weapon)
Missiles
 e - 21 stones (quivered)
Armour
 b - a +0 scale mail (worn)
 c - a +0 buckler (worn)
Jewellery
 m - an amulet of reflection
   (You found it on level 2 of the Dungeon)
 n - the ring "Boqek" (left hand) {Ice Will+ Str+3 Int+4 Dex-3}
   (You found it on level 2 of the Dungeon)

   [ring of ice]

   It enhances your ice magic.
   Str:       It affects your strength (+3).
   Int:       It affects your intelligence (+4).
   Dex:       It affects your dexterity (-3).
   rF:        It makes you vulnerable to fire.
   rC:        It protects you from cold.
   Will:      It increases your willpower.
 C - a ring of ice
   (You found it on level 3 of the Dungeon)
 G - an amulet of guardian spirit (around neck)
   (You found it on level 2 of the Dungeon)
Scrolls
 i - a scroll of torment {unknown}
 j - a scroll of teleportation {unknown}
 k - 3 scrolls of identify {unknown}
Potions
 d - 2 potions of might
 f - 2 potions of curing {unknown}
 g - 2 potions of heal wounds {unknown}
 h - a potion of mutation {unknown}
 l - a potion of resistance {unknown}

Dungeon Overview and Level Annotations

Branches:
Dungeon (3/15) Zot: 16042

Altars:

Annotations:
D:3 1 runed translucent door, Crazy Yiuf, Sigmund

#.......##
#).......#
#........#
#.S......#
#........#
#........#
#.@......#
#@# #.#
#.# #.#
#.......#
#########


You could see Sigmund and a ball python.


Message History

No target in view!
You see here a +0 club.
Key pressed, stopping explore.
No target in view!
No target in view! 😎 HP[+4]
Your hp is fully restored (31).
You now have 121 gold pieces (gained 11).
You see here a +0 club.
Things that are here:
a +0 club; a goblin skeleton
There is an open door here.
Key pressed, stopping explore.
No target in view!
No target in view!
Found a stone staircase leading up.
No target in view!
No target in view!
You see here a +0 robe.
You see here a +0 robe.
You open the door.
There is an open door here.
Done exploring.
No target in view!
No target in view!
Done exploring.
Done exploring.
No target in view!
No target in view!
Done exploring.
(D) Dungeon
Where to? (Enter - D:2, ? - help)
There is an open door here.
There is an open door here.
There is a stone staircase leading down here.
You climb downwards.
There is a stone staircase leading up here.
Okay, then.
You start putting on your amulet.
You continue putting on your amulet of guardian spirit. x5
You finish putting on your amulet of guardian spirit.
You feel your power drawn to a protective spirit.
G - an amulet of guardian spirit (around neck)
You feel more attuned to ice.
You feel stronger.
You feel clever.
You feel clumsy.
n - the ring "Boqek" (left hand) {Ice Will+ Str+3 Int+4 Dex-3}
k - 2 scrolls labelled XICAOB HADGHEDD (gained 1)
C - a ring of ice
There is a stone staircase leading up here.
A bat comes into view.
A bat is nearby!
A bat is nearby!
The bat closely misses you. You furiously retaliate!
You headbutt the bat!
You kill the bat!
No target in view!
No target in view!
No target in view!
You see here a bat corpse.
k - 3 scrolls labelled XICAOB HADGHEDD (gained 1) Crazy Yiuf says, "Defame verde disdain!"
Found a stone staircase leading up.
No target in view!
No target in view!
There is a stone staircase leading up here.
A bat comes into view.
You see here a stone.
A bat is nearby!
A bat is nearby!
The bat barely misses you.
You hit the bat.
You kill the bat!
e - 21 stones (gained 1)
A sourceless malevolence fills the Dungeon... and a teleportation trap spontaneously manifests!
You are yanked towards a nearby monster!
Your surroundings suddenly seem different.
Sigmund the Dreaded comes into view.
He is wielding a +0 scythe and carrying a wand of flame (13).
Sigmund shouts!
Sigmund is nearby!
Sigmund is nearby!
Sigmund is nearby!
Sigmund looks at you with fury. You block Sigmund's attack.
Sigmund hits you with a +0 scythe.
You closely miss Sigmund.
A ball python comes into view.
Sigmund hits you with a +0 scythe! 😮 HP[-14] MP[-1]
You take 14 damage, and now have 17/31 hp.
MASSIVE DAMAGE!! (PAUSE)
You lost 1 mp, and now have 1/2 mp.
You barely miss Sigmund.
The ball python hisses angrily.
You slash Sigmund! Your headbutt misses Sigmund.
Sigmund zaps a wand.
The puff of flame hits you! The fire burns you terribly!
* * * LOW HITPOINT WARNING * * *
Sigmund zaps a wand.
The puff of flame hits you. The fire burns you terribly!
You die...

Skill      XL: |  1  2  3 |
---------------+----------+-----
Axes           | 3 4 5 |  5.2
Fighting       | |  3.6
Armour         | |  3.6
Shields        | |  3.6

Action                   || total
-------------------------++-------
Melee: War axe           ||   104
       Headbutt          ||    18
Armor: Scale mail        ||    38
Dodge: Dodged            ||    44
Block: Buckler           ||    21

Levels and vault maps discovered:
D:1:      eino_arrival_druids_welcome, layout_loops_cross,
          dilly_ecumenical_altar_fadedgnrine, minmay_hexomino_f4
D:2:      layout_basic
D:3:      layout_loops_cross, uniq_jessica, uniq_crazy_yiuf_cottage,
          uniq_sigmund

Notes
Turn   | Place    | Note
-------+----------+-------------------------------------------
     0 | D:1      | kae the Minotaur Fighter began the quest for the Orb.
     0 | D:1      | Reached XP level 1. HP: 19/19 MP: 0/0
     0 | D:1      | magus.rc [v1.11.3]
    93 | D:1      | Reached skill level 3 in Axes
    96 | D:1      | HP: 3/19 [frozen (5)]
   408 | D:1      | Reached XP level 2. HP: 26/26 MP: 1/1
   633 | D:1      | You pick up a book of Rime and begin reading...
   633 | D:1      | You add the spells Frozen Ramparts, Ice Form and Summon Ice
                  | Beast to your library.
   636 | D:1      | Found a faded altar of an unknown god.
   684 | D:1      | Reached skill level 4 in Axes
   914 | D:1      | Reached XP level 3. HP: 27/31 MP: 2/2
  1414 | D:2      | Reached skill level 5 in Axes
  1424 | D:2      | Identified the ring "Boqek" {Ice Will+ Str+3 Int+4 Dex-3}
  1854 | D:3      | Found a runed translucent door.
  1855 | D:3      | Noticed Crazy Yiuf
  1915 | D:3      | Noticed Sigmund
  1922 | D:3      | HP: 3/31 [Sigmund/puff of flame (14)]
  1922 | D:3      | Killed from afar by Sigmund

Vanquished Creatures
  A worm (D:2)
  2 dart slugs
  5 endoplasms (D:1)
  3 giant cockroaches (D:2)
  6 goblins
  3 hobgoblins
  7 jackals
  8 kobolds
  3 quokkas
  2 ball pythons
  4 bats
  3 frilled lizards
  7 rats
54 creatures vanquished.

Table legend:
 A = Non-vault XP
 B = Vault XP
 C = Vault XP percentage of total XP
 D = Non-vault monster count
 E = Vault monster count
 F = Vault count percentage of total count
                 A         B        C        D         E       F
            +---------+---------+-------+---------+---------+-------
      Total |      88 |       8 |   8.3 |      50 |       4 |   7.4
            +---------+---------+-------+---------+---------+-------
        D:1 |      37 |       8 |  17.8 |      22 |       4 |  15.4
        D:2 |      48 |       0 |   0.0 |      26 |       0 |   0.0
        D:3 |       3 |       0 |   0.0 |       2 |       0 |   0.0
            +---------+---------+-------+---------+---------+-------

Illustrated notes

Table legend:
 A = Kills in this place as a percentage of kills in entire the game.
 B = Kills by you in this place as a percentage of kills by you in the entire game.
 C = Kills by friends in this place as a percentage of kills by friends in the entire game.
 D = Other kills in this place as a percentage of other kills in the entire game.
 E = Experience gained in this place as a percentage of experience gained in the entire game.
 F = Experience gained in this place divided by the number of levels of this place that you have seen.
                   A       B       C       D       E      F
               +-------+-------+-------+-------+-------+----------------------
         Total | 100.0 | 100.0 |   N/A |   N/A | 100.0 |  32.0
       Dungeon | 100.0 | 100.0 |   N/A |   N/A | 100.0 |  32.0
               +-------+-------+-------+-------+-------+----------------------

Table legend: (Time is in decaauts)
 A = Elapsed time spent in this place.
 B = Non-inter-level travel time spent in this place.
 C = Inter-level travel time spent in this place.
 D = Time resting spent in this place.
 E = Time spent auto-exploring this place.
 F = Levels seen in this place.
 G = Mean time per level.
                   A        B        C        D        E       F      G
               +--------+--------+--------+--------+--------+-----+--------+
         Total |   1955 |   1912 |     43 |     36 |   1589 |   3 |  651.7 |
       Dungeon |   1955 |   1912 |     43 |     36 |   1589 |   3 |  651.7 |
               +--------+--------+--------+--------+--------+-----+--------+

Top non-repeatable levels by time:
     D:1: 1073 daAuts
     D:2: 710 daAuts
     D:3: 172 daAuts
